Map: Complesso Moebius XX-1

Players

Nero

  • Race: Protoss Protoss

Barnash

  • Race: Protoss Protoss

Roko

  • Race: Terran Terran

loviyo

  • Race: Protoss Protoss
  • League: Silver

Ronin - Winner!

  • Race: Protoss Protoss

Halimasch - Winner!

  • Race: Terran Terran

Jhyrachy - Winner!

  • Race: Zerg Zerg
  • League: Gold

Syri - Winner!

  • Race: Protoss Protoss

VOD

Have the link to the VOD?

Description

Time

  • Played on: May 2, 2016, 1:20 p.m.
  • Length: 20:39
Show
View Real Time Build Order
Export as new Build Order

Nero Protoss 

Build Orders: Dark Templar Rush 

Get SALT Encoding   

  12  0:05  Probe (Chrono Boost)  
  13  0:28  Probe (Chrono Boost)  
  14  0:36  Pylon  
  14  0:43  Assimilator  
  14  0:51  Probe (Chrono Boost)  
  15  1:00  Gateway  
  15  1:11  Probe (Chrono Boost)  
  16  1:25  Probe (Chrono Boost)  
  17  1:35  Probe (Chrono Boost)  
  17  1:39  Forge  
  18  1:46  Probe (Chrono Boost)  
  19  1:51  Cybernetics Core  
  19  1:54  Pylon  
  19  2:03  Assimilator, Probe (Chrono Boost)  
  20  2:11  Pylon  
  20  2:13  Probe (Chrono Boost)  
  21  2:23  Photon Cannon  
  21  2:24  Probe (Chrono Boost)  
  21  2:26  Photon Cannon  
  22  2:32  Twilight Council  
  22  2:35  Zealot  
  24  2:41  Probe (Chrono Boost)  
  25  3:01  Robotics Facility  
  25  3:03  Probe (Chrono Boost)  
  26  3:14  Dark Shrine  
  26  3:18  Warp Gate (Chrono Boost)  
  26  3:25  Gateway  
  26  3:29  Gateway  
  26  3:43  Pylon  
  26  3:52  Warp Prism  
  28  4:08  Photon Cannon  
  28  4:31  Photon Cannon  
  28  4:52  Gateway  
  28  5:17  Dark Templar  
  28  5:18  Dark Templar x2  
  26  6:09  Photon Cannon  
  26  6:13  Pylon  
  26  6:16  Photon Cannon  
  26  6:20  Photon Cannon  
  26  6:23  Photon Cannon  
  26  6:27  Stalker x2  
  26  6:28  Stalker x2  
  34  6:32  Protoss Ground Weapons Level 1 (Chrono Boost)  
  34  6:47  Nexus  
  34  6:51  Pylon  
  34  6:56  Pylon  
  34  7:03  Stalker  
  34  7:04  Stalker  
  38  7:17  Stalker  
  40  7:28  Photon Cannon  
  40  7:59  Zealot x3  
  40  8:00  Zealot  
  40  8:03  Probe  
  49  8:13  Probe  
  49  8:15  Photon Cannon  
  50  8:30  Protoss Shields Level 1 (Chrono Boost)  
  50  8:31  Stalker  
  52  8:45  Photon Cannon  
  50  8:49  Photon Cannon  
  50  8:53  Probe  
  37  9:04  Probe  
  34  9:16  Stalker x2  
  34  9:17  Stalker x2  
  42  9:36  Photon Cannon  
  42  9:41  Pylon  
  42  9:44  Stalker  
  42  9:45  Stalker  
  46  10:01  Photon Cannon  
  46  10:08  Pylon  
  46  10:10  Protoss Ground Armor Level 1 (Chrono Boost)  
  46  10:14  Stalker  
  46  10:15  Stalker  
  50  10:36  Photon Cannon  
  50  10:47  Probe  
  50  10:48  Assimilator  
  51  10:52  Assimilator  
  51  10:57  Probe, Dark Templar x2  
  51  10:58  Dark Templar  
  51  11:01  Observer  
  59  11:21  Pylon  
  59  11:26  Pylon  
  59  11:44  Photon Cannon  
  59  11:47  Photon Cannon  
  59  11:50  Photon Cannon  
  59  11:55  Photon Cannon  
  59  12:01  Photon Cannon  
  59  12:05  Photon Cannon  
  59  12:13  Zealot x2  
  59  12:14  Zealot  
  65  12:50  Zealot x2  
  65  12:51  Zealot x2  
  73  12:59  Gateway  
  73  13:00  Gateway  
  73  13:28  Stalker  
  73  13:29  Stalker x2  
  73  13:30  Stalker  
  35  14:57  Zealot  
  35  14:58  Zealot x3  
  39  15:12  Zealot x2  
  43  15:32  Stalker x2  
  43  15:33  Stalker x2  
  50  16:06  Dark Templar x2  
  50  16:07  Dark Templar x2  
  50  16:11  Sentry x2  
  36  17:36  Stalker  
  36  17:37  Stalker x3  
  34  17:38  Stalker  
  34  17:39  Stalker  
  42  17:45  Protoss Ground Armor Level 2 (Chrono Boost)  
  42  17:49  Gateway  
  42  17:51  Gateway  
  42  18:05  Stalker  
  42  18:06  Stalker x2  
  42  18:07  Stalker x2  
  42  18:08  Stalker  
  53  18:21  Blink  
  53  18:29  Gateway  
  53  18:32  Stalker  
  53  18:33  Stalker x3  
  61  18:34  Stalker x2  
  41  19:11  Stalker x2  
  41  19:12  Stalker x2  
  41  19:13  Stalker  
  41  19:14  Stalker  
  22  19:39  Stalker  
  22  19:40  Stalker x3  
  22  19:41  Stalker x2  
  28  20:05  Stalker x3  
  28  20:06  Stalker x3  
Show
View Real Time Build Order
Export as new Build Order

Barnash Protoss 

Build Orders: Nexus First 

Get SALT Encoding   

  12  0:04  Probe (Chrono Boost)  
  13  0:14  Probe (Chrono Boost)  
  13  0:20  Pylon  
  14  0:25  Probe (Chrono Boost)  
  15  0:39  Probe (Chrono Boost)  
  16  0:49  Probe (Chrono Boost)  
  17  1:05  Nexus  
  17  1:16  Gateway  
  17  1:26  Probe (Chrono Boost)  
  17  1:27  Assimilator  
  18  1:34  Assimilator  
  18  1:37  Probe (Chrono Boost)  
  19  1:40  Pylon  
  19  1:51  Probe (Chrono Boost)  
  21  2:01  Probe (Chrono Boost)  
  21  2:11  Cybernetics Core  
  21  2:12  Probe (Chrono Boost)  
  22  2:19  Forge  
  22  2:27  Probe (Chrono Boost)  
  23  2:32  Probe (Chrono Boost)  
  24  2:42  Probe (Chrono Boost)  
  24  2:43  Probe (Chrono Boost)  
  26  2:53  Probe (Chrono Boost)  
  26  2:58  Stargate  
  27  3:02  Pylon  
  27  3:03  Probe (Chrono Boost)  
  28  3:14  Probe (Chrono Boost)  
  28  3:19  Assimilator  
  29  3:24  Probe (Chrono Boost)  
  30  3:35  Probe x2 (Chrono Boost)  
  32  3:44  Assimilator  
  32  3:45  Probe (Chrono Boost)  
  32  3:46  Probe (Chrono Boost)  
  34  3:56  Probe x2 (Chrono Boost), Fleet Beacon  
  34  3:58  Stargate  
  36  4:06  Probe (Chrono Boost)  
  26  4:17  Probe (Chrono Boost)  
  26  4:19  Mothership Core (Chrono Boost)  
  27  4:40  Photon Cannon  
  27  4:41  Photon Cannon  
  19  5:52  Pylon  
  19  5:56  Pylon  
  19  5:59  Phoenix, Pylon  
  19  6:00  Probe (Chrono Boost)  
  20  6:11  Probe (Chrono Boost)  
  21  6:13  Phoenix (Chrono Boost)  
  23  6:20  Probe x2 (Chrono Boost)  
  23  6:24  Phoenix (Chrono Boost), Pylon  
  27  6:31  Probe  
  27  6:32  Probe  
  29  6:43  Probe  
  29  6:44  Probe  
  29  6:46  Phoenix (Chrono Boost)  
  33  6:55  Probe  
  33  7:07  Probe  
  33  7:08  Phoenix (Chrono Boost)  
  31  7:18  Phoenix (Chrono Boost)  
  31  7:20  Probe  
  34  7:29  Phoenix (Chrono Boost)  
  36  7:32  Probe  
  36  7:44  Probe, Pylon  
  37  7:56  Probe  
  33  8:08  Probe  
  29  8:39  Phoenix x2 (Chrono Boost)  
  29  8:50  Probe  
  30  9:02  Probe  
  31  9:10  Probe  
  31  9:14  Probe  
  33  9:22  Probe  
  34  9:26  Probe  
  27  9:34  Probe  
  27  9:36  Phoenix x2 (Chrono Boost)  
  27  9:38  Probe  
  33  9:50  Probe  
  33  11:02  Pylon  
  37  11:04  Phoenix x2 (Chrono Boost)  
  37  11:11  Pylon  
  37  11:15  Pylon  
  37  11:18  Pylon  
  37  11:21  Nexus  
  37  11:26  Phoenix x2 (Chrono Boost)  
  37  11:27  Probe, Photon Cannon  
  42  11:38  Photon Cannon  
  43  11:40  Probe  
  43  11:47  Phoenix (Chrono Boost)  
  43  11:50  Photon Cannon  
  43  11:52  Probe  
  46  11:58  Photon Cannon  
  46  12:04  Probe  
  47  12:09  Photon Cannon  
  47  12:16  Probe  
  47  12:19  Photon Cannon  
  48  12:28  Probe  
  49  12:40  Probe  
  50  12:45  Tempest (Chrono Boost)  
  54  12:52  Probe  
  55  13:04  Probe  
  56  13:16  Probe  
  41  15:10  Probe  
  36  15:20  Probe  
  29  15:30  Pylon  
  29  15:31  Probe  
  29  15:32  Gateway  
  27  15:39  Gateway  
  27  15:41  Probe  
  26  15:44  Pylon  
  26  15:48  Pylon  
  27  15:50  Gateway  
  27  15:52  Probe  
  27  15:55  Gateway  
Show
View Real Time Build Order
Export as new Build Order

Roko Terran 

Build Orders:  

Get SALT Encoding   

  12  0:02  SCV  
  13  0:14  SCV  
  14  0:26  SCV  
  14  0:27  Supply Depot  
  15  0:49  SCV  
  16  0:52  Barracks  
  16  1:01  SCV  
  17  1:09  Barracks  
  17  1:15  SCV  
  18  1:26  Barracks  
  18  1:27  SCV  
  19  1:39  SCV, Barracks  
  20  1:41  Supply Depot  
  20  1:45  Marine  
  21  1:51  SCV  
  22  2:03  SCV  
  22  2:04  Marine x2  
  25  2:19  SCV  
  25  2:22  Refinery  
  26  2:26  Engineering Bay  
  26  2:27  Marine x2  
  28  2:31  SCV  
  29  2:39  Supply Depot  
  29  2:40  Marine x2  
  31  2:52  Supply Depot  
  31  3:00  Marine x4  
  35  3:18  Marine x4  
  39  3:36  Marine x4  
  43  3:54  Marine  
  43  3:55  Missile Turret  
  31  4:22  Marine  
  31  4:23  Marine x3  
  16  4:40  Marine x3  
  16  4:41  Marine  
  20  4:50  SCV  
  21  4:58  Marine x3  
  21  4:59  Marine  
  25  5:02  SCV  
  26  5:35  SCV  
  27  5:47  SCV  
  28  5:59  SCV  
  29  6:11  Command Center, SCV  
  30  6:19  Barracks Tech Lab  
  30  6:23  SCV  
  31  6:44  Orbital Command  
  31  7:16  Stimpack  
  31  7:18  SCV  
  33  7:30  Barracks Tech Lab, SCV  
  33  7:43  SCV  
  33  7:55  SCV  
  33  7:56  Refinery  
  34  8:19  Combat Shields  
  34  8:20  Marine x2  
  34  8:21  Marine x2  
  38  8:30  SCV  
  39  8:38  Marine x4  
  43  8:42  SCV  
  43  8:46  Planetary Fortress  
  44  8:54  SCV  
  45  8:56  Marine x2  
  47  9:11  Factory  
  47  9:24  SCV  
  48  9:27  SCV  
  49  9:36  SCV  
  50  9:39  SCV  
  51  9:48  SCV  
  51  9:51  SCV  
  51  9:52  Missile Turret  
  53  10:00  SCV  
  53  10:06  Factory Reactor  
  54  10:10  Terran Infantry Weapons Level 1  
  54  10:11  Starport  
  54  10:12  SCV  
  55  10:18  Missile Turret  
  55  10:24  SCV  
  56  10:36  SCV  
  57  10:48  SCV  
  57  10:49  Marine, Supply Depot  
  58  10:50  Marine x2, Supply Depot  
  61  11:00  Factory Tech Lab, SCV  
  61  11:02  Refinery  
  62  11:05  Refinery  
  62  11:09  Missile Turret  
  62  11:13  SCV, Medivac  
  65  11:25  SCV  
  66  11:27  Medivac  
  68  11:35  Barracks Reactor  
  68  11:36  Barracks Reactor  
  68  11:37  SCV  
  68  11:38  Marine  
  70  11:43  Armory, Medivac  
  70  11:46  Supply Depot  
  72  11:49  SCV  
  73  11:57  Medivac  
  75  12:13  Medivac  
  75  12:15  Widow Mine  
  79  12:17  SCV  
  80  12:27  SCV  
  82  12:30  SCV  
  82  12:33  Marine x4  
  86  12:40  Supply Depot, SCV  
  86  12:42  SCV  
  86  12:43  Widow Mine  
  90  12:47  Supply Depot  
  90  12:49  Terran Infantry Armor Level 1  
  90  12:52  SCV  
  90  12:54  SCV  
  92  13:05  SCV  
  93  13:06  SCV  
  93  13:12  Siege Tank  
  93  13:37  Factory  
  93  13:44  Siege Tank  
  95  14:00  SCV  
  96  14:11  Factory  
  96  14:16  Siege Tank  
  99  14:20  Liberator  
  99  14:22  Liberator  
  96  14:35  Factory Tech Lab  
  99  14:43  Marine x4  
  99  14:44  Marine  
  107  14:48  Siege Tank  
  107  14:51  Supply Depot  
  107  14:58  Marine  
  108  15:01  Marine  
  110  15:09  Supply Depot  
  110  15:11  Supply Depot  
  110  15:12  Marine  
Show
View Real Time Build Order
Export as new Build Order

loviyo Protoss 

Build Orders:  

Get SALT Encoding   

  12  0:02  Probe (Chrono Boost)  
  13  0:15  Probe (Chrono Boost)  
  14  0:26  Probe (Chrono Boost)  
  15  0:34  Pylon  
  15  1:04  Assimilator  
  15  1:10  Assimilator  
  15  1:13  Gateway  
  15  1:19  Probe (Chrono Boost)  
  16  1:29  Probe (Chrono Boost)  
  17  1:40  Probe (Chrono Boost)  
  17  1:46  Forge  
  18  1:50  Probe (Chrono Boost)  
  18  1:51  Pylon  
  19  2:00  Zealot (Chrono Boost)  
  19  2:01  Probe (Chrono Boost)  
  22  2:12  Probe  
  23  2:24  Probe  
  23  2:27  Cybernetics Core  
  23  2:28  Zealot (Chrono Boost)  
  26  2:37  Probe  
  27  2:46  Photon Cannon  
  27  2:51  Probe  
  28  3:03  Probe  
  29  3:15  Probe  
  29  3:16  Pylon  
  30  3:28  Probe  
  31  3:40  Probe  
  32  3:44  Nexus  
  32  3:52  Probe (Chrono Boost)  
  32  3:54  Stargate  
  33  4:04  Probe (Chrono Boost)  
  34  4:14  Probe (Chrono Boost)  
  35  4:23  Pylon  
  35  4:25  Probe (Chrono Boost)  
  36  4:35  Probe (Chrono Boost)  
  37  4:48  Phoenix  
  39  4:56  Stargate  
  39  5:01  Stargate  
  39  5:10  Probe (Chrono Boost)  
  40  5:20  Assimilator, Probe (Chrono Boost)  
  41  5:22  Assimilator  
  41  5:31  Probe (Chrono Boost)  
  41  5:35  Phoenix  
  46  6:04  Phoenix (Chrono Boost)  
  46  6:06  Phoenix (Chrono Boost)  
  46  6:07  Phoenix (Chrono Boost)  
  50  6:14  Protoss Air Weapons Level 1 (Chrono Boost)  
  50  6:27  Nexus  
  50  6:28  Mothership Core  
  52  6:49  Probe  
  53  7:01  Probe  
  54  7:03  Nexus  
  54  7:13  Probe  
  55  7:21  Phoenix x2 (Chrono Boost)  
  59  7:33  Fleet Beacon  
  59  7:41  Phoenix (Chrono Boost)  
  61  8:14  Phoenix (Chrono Boost)  
  47  9:06  Carrier (Chrono Boost)  
  64  9:17  Carrier x2 (Chrono Boost)  
  64  9:27  Photon Cannon  
  64  9:30  Photon Cannon  
  64  9:54  Pylon  
  64  9:55  Anion Pulse-Crystals, Pylon  
  64  9:59  Pylon  
  64  10:11  Photon Cannon  
  64  10:14  Photon Cannon  
  64  10:19  Photon Cannon  
  70  10:23  Photon Cannon  
  70  10:25  Carrier (Chrono Boost)  
  70  10:26  Photon Cannon  
  70  10:30  Photon Cannon  
  70  10:33  Protoss Air Weapons Level 2  
  70  10:35  Photon Cannon  
  82  10:37  Carrier (Chrono Boost)  
  82  10:42  Carrier (Chrono Boost)  
  82  10:58  Pylon  
  82  10:59  Graviton Catapult, Pylon  
  81  11:23  Pylon  
  81  11:24  Pylon  
  81  11:27  Pylon  
  87  11:50  Photon Cannon  
  87  11:52  Photon Cannon  
  87  11:53  Photon Cannon  
  87  11:55  Photon Cannon  
  87  11:57  Photon Cannon  
  87  11:59  Photon Cannon  
  87  12:01  Photon Cannon  
  87  12:02  Photon Cannon  
  87  12:04  Photon Cannon  
  87  13:12  Nexus  
  87  13:17  Pylon  
  87  13:22  Pylon  
  87  13:26  Assimilator  
  87  13:28  Assimilator  
  87  13:33  Tempest (Chrono Boost)  
  99  13:39  Tempest x2 (Chrono Boost)  
  73  14:35  Carrier x2 (Chrono Boost)  
  73  15:00  Photon Cannon  
  73  15:02  Photon Cannon  
  73  15:03  Photon Cannon  
  73  15:05  Photon Cannon  
  67  15:23  Twilight Council  
  67  15:25  Photon Cannon  
  67  15:33  Photon Cannon  
  67  15:38  Photon Cannon  
  67  15:39  Photon Cannon  
  67  15:45  Pylon  
  67  16:08  Templar Archives  
  67  16:10  Gateway  
  67  16:12  Gateway  
  67  16:15  Gateway  
  67  16:21  Gateway  
  67  16:42  Psionic Storm  
  67  16:51  Warp Gate (Chrono Boost)  
  67  17:34  High Templar x4  
  67  17:35  High Templar  
  77  17:49  Dark Shrine  
  77  18:05  Photon Cannon  
  77  18:09  Pylon  
  77  18:13  Pylon, High Templar x2  
  77  18:14  High Templar  
  77  18:16  Archon  
  77  18:17  Archon  
  45  19:10  Archon  
  45  19:21  High Templar  
  45  19:35  Pylon  
  44  20:07  Dark Templar x2  
  44  20:08  Dark Templar x2  
  44  20:14  Archon x2  
Show
View Real Time Build Order
Export as new Build Order

Ronin Protoss - Winner!

Build Orders: Double Forge 

Get SALT Encoding   

  12  0:01  Probe (Chrono Boost)  
  13  0:19  Pylon  
  13  0:24  Probe (Chrono Boost)  
  14  0:39  Gateway  
  14  0:46  Forge  
  14  0:54  Assimilator  
  14  0:55  Probe (Chrono Boost)  
  15  1:07  Probe (Chrono Boost)  
  16  1:18  Pylon  
  16  1:21  Probe (Chrono Boost)  
  17  1:29  Cybernetics Core  
  17  1:35  Assimilator, Probe (Chrono Boost)  
  18  1:49  Photon Cannon  
  18  1:58  Photon Cannon  
  18  2:01  Probe (Chrono Boost)  
  19  2:12  Probe (Chrono Boost)  
  21  2:23  Probe (Chrono Boost), Stargate  
  21  2:40  Mothership Core (Chrono Boost)  
  23  2:59  Probe (Chrono Boost)  
  24  3:07  Void Ray (Chrono Boost)  
  28  3:18  Pylon  
  28  3:48  Void Ray (Chrono Boost)  
  32  4:08  Forge  
  32  4:20  Forge  
  32  4:24  Forge  
  32  4:25  Void Ray (Chrono Boost)  
  32  4:28  Stargate  
  36  4:53  Probe  
  36  4:58  Photon Cannon  
  37  5:02  Photon Cannon  
  37  5:08  Photon Cannon  
  37  5:17  Pylon  
  37  5:20  Photon Cannon  
  37  5:56  Void Ray (Chrono Boost)  
  45  5:59  Void Ray (Chrono Boost)  
  45  6:01  Protoss Shields Level 1  
  45  6:03  Protoss Air Weapons Level 1  
  45  6:26  Photon Cannon  
  45  6:46  Pylon  
  45  6:49  Pylon  
  45  7:05  Void Ray (Chrono Boost)  
  49  7:26  Fleet Beacon  
  49  7:35  Nexus  
  49  7:42  Pylon  
  49  7:50  Void Ray (Chrono Boost)  
  31  8:53  Tempest (Chrono Boost)  
  31  8:56  Mothership Core  
  33  9:06  Tempest (Chrono Boost)  
  37  9:16  Photon Cannon  
  37  9:19  Photon Cannon  
  37  9:22  Photon Cannon  
  37  9:28  Probe  
  38  9:39  Probe  
  38  9:45  Assimilator  
  39  9:50  Probe  
  40  9:56  Pylon  
  40  10:00  Probe  
  41  10:08  Tempest (Chrono Boost)  
  45  10:22  Assimilator  
  45  10:29  Photon Cannon  
  45  10:32  Pylon  
  45  10:33  Probe  
  46  10:51  Void Ray (Chrono Boost)  
  54  11:12  Void Ray (Chrono Boost)  
  54  11:15  Protoss Air Weapons Level 2  
  54  11:23  Probe  
  55  11:34  Probe  
  56  11:44  Probe, Void Ray (Chrono Boost)  
  61  11:55  Probe  
  62  12:06  Probe  
  67  12:08  Void Ray (Chrono Boost)  
  67  12:21  Void Ray (Chrono Boost)  
  71  12:51  Stargate  
  71  12:53  Stargate  
  71  13:05  Void Ray (Chrono Boost)  
  75  13:07  Tempest (Chrono Boost)  
  85  13:48  Tempest (Chrono Boost)  
  89  13:51  Void Ray (Chrono Boost)  
  93  14:12  Twilight Council  
  95  14:19  Phoenix (Chrono Boost)  
  95  15:17  Void Ray (Chrono Boost)  
  101  15:22  Phoenix (Chrono Boost)  
  101  16:44  Pylon x2  
  101  16:46  Pylon  
  101  16:48  Pylon  
  101  16:49  Pylon  
  101  16:56  Pylon  
  101  16:58  Pylon  
  101  17:02  Void Ray (Chrono Boost)  
  101  17:03  Tempest (Chrono Boost)  
  101  17:08  Void Ray (Chrono Boost)  
  117  17:26  Void Ray (Chrono Boost)  
  117  17:39  Void Ray (Chrono Boost)  
  119  18:47  Void Ray x2 (Chrono Boost)  
  131  18:53  Void Ray (Chrono Boost)  
  135  19:27  Void Ray (Chrono Boost)  
  135  19:49  Tempest (Chrono Boost)  
  139  19:54  Nexus  
  139  20:01  Nexus  
Show
View Real Time Build Order
Export as new Build Order

Halimasch Terran - Winner!

Build Orders: Mech 

Get SALT Encoding   

  12  0:02  SCV  
  13  0:14  SCV  
  14  0:22  Supply Depot  
  14  0:26  SCV  
  15  0:29  Refinery  
  15  0:44  SCV  
  15  0:49  Barracks  
  16  0:56  SCV  
  17  1:08  SCV  
  18  1:20  SCV  
  19  1:33  Command Center  
  19  1:43  Orbital Command  
  19  1:55  Factory  
  19  2:08  Supply Depot  
  19  2:13  SCV  
  20  2:25  SCV  
  20  2:27  Refinery  
  21  2:30  Engineering Bay  
  21  2:37  SCV  
  21  2:43  Factory Reactor  
  22  2:49  Orbital Command, SCV  
  23  2:56  Supply Depot  
  23  3:00  Factory  
  23  3:06  SCV  
  24  3:18  SCV  
  25  3:20  Missile Turret, Widow Mine  
  25  3:21  Widow Mine  
  25  3:24  SCV  
  30  3:30  SCV  
  31  3:42  Armory  
  31  3:44  Factory Tech Lab  
  31  3:49  Widow Mine x2  
  35  4:12  Siege Tank  
  38  4:20  Factory  
  38  4:28  Refinery  
  38  4:31  Refinery  
  38  4:32  Supply Depot  
  38  4:33  Mag-Field Accelerator  
  38  4:48  SCV x2  
  40  4:54  Supply Depot  
  40  5:00  SCV x2  
  40  5:03  Terran Vehicle Weapons Level 1  
  42  5:12  SCV x2  
  44  5:17  Factory Reactor  
  44  5:24  SCV x2  
  44  5:26  Supply Depot  
  46  5:36  SCV  
  46  5:37  SCV  
  46  5:40  Missile Turret  
  46  5:42  Siege Tank  
  51  5:43  Widow Mine x2  
  55  5:54  Factory  
  55  6:03  Missile Turret  
  55  6:11  Widow Mine  
  55  6:12  Widow Mine  
  55  6:14  Siege Tank  
  55  6:15  Command Center  
  62  6:29  Supply Depot  
  62  6:38  Factory Tech Lab  
  62  6:41  Widow Mine x2  
  62  6:46  Siege Tank  
  69  6:51  Supply Depot  
  69  7:03  Widow Mine x3  
  75  7:10  Widow Mine  
  75  7:12  Widow Mine  
  75  7:14  Supply Depot  
  79  7:16  Missile Turret  
  79  7:18  Siege Tank  
  82  7:32  Orbital Command, Widow Mine x2  
  82  7:33  Siege Tank  
  89  7:37  Supply Depot  
  89  7:38  Widow Mine  
  89  7:41  Widow Mine  
  93  7:54  Missile Turret  
  93  7:56  Missile Turret, Widow Mine  
  93  7:58  Orbital Command  
  95  7:59  Supply Depot  
  95  8:00  Widow Mine x2  
  99  8:21  Supply Depot  
  99  8:22  Missile Turret  
  99  8:25  Siege Tank x2  
  99  8:26  Widow Mine x2  
  107  8:29  Widow Mine x2  
  107  8:33  SCV  
  114  8:45  SCV  
  115  8:55  Widow Mine x2  
  117  8:57  Siege Tank, Widow Mine x2  
  126  9:19  Widow Mine  
  126  9:23  Widow Mine x2  
  130  9:26  Siege Tank, Widow Mine  
  130  9:27  Terran Vehicle Weapons Level 2  
  130  9:30  Siege Tank  
  140  9:48  Widow Mine  
  140  9:52  Widow Mine x2  
  144  9:54  Widow Mine  
  148  10:36  Supply Depot  
  148  10:38  Supply Depot  
  148  10:57  Siege Tank, Widow Mine x2  
  148  10:58  Widow Mine  
  148  10:59  Widow Mine x2, Supply Depot  
  161  11:04  Supply Depot  
  161  11:24  Supply Depot  
  161  11:25  Widow Mine  
  161  11:26  Siege Tank  
  161  11:27  Widow Mine  
  161  11:28  Widow Mine x2, Supply Depot  
  161  11:29  Siege Tank  
  175  11:48  Supply Depot, Terran Vehicle Weapons Level 3  
  175  11:52  Supply Depot  
  175  11:54  Widow Mine  
  175  11:55  Widow Mine  
  175  11:56  Widow Mine x2  
  175  11:58  Siege Tank  
  186  12:01  Widow Mine  
  188  12:11  Supply Depot  
  188  12:22  Widow Mine  
  188  12:24  Widow Mine  
  188  12:25  Widow Mine x2  
  188  12:29  Widow Mine x2  
  198  13:43  Drilling Claws  
  198  13:45  Siege Tank  
  195  15:08  Siege Tank, Widow Mine  
  194  17:34  Siege Tank x2, Refinery  
  200  17:38  Refinery  
  182  18:15  Siege Tank x2, Widow Mine  
  182  18:16  Widow Mine x3  
  196  18:44  Widow Mine x2  
  188  19:35  Siege Tank x2, Widow Mine x2  
  188  19:36  Widow Mine x2  
Show
View Real Time Build Order
Export as new Build Order

Jhyrachy Zerg - Winner!

Build Orders: Pool First 

Get SALT Encoding   

  12  0:03  Drone  
  13  0:09  Drone  
  14  0:29  Spawning Pool  
  14  0:30  Drone  
  14  0:39  Extractor  
  14  0:41  Extractor  
  14  0:42  Drone  
  13  0:43  Drone  
  13  0:48  Overlord  
  16  1:03  Extractor  
  15  1:08  Drone  
  16  1:11  Drone  
  16  1:16  Queen  
  19  1:18  Drone  
  20  1:28  Overlord  
  20  1:55  Drone  
  20  1:56  Zergling x2  
  22  2:07  Evolution Chamber  
  22  2:08  Metabolic Boost  
  21  2:11  Zergling x4  
  23  2:22  Overlord  
  23  2:32  Zergling x6  
  26  2:51  Zergling x4  
  28  3:04  Zergling x6  
  31  3:15  Zerg Melee Weapons Level 1  
  31  3:56  Hatchery  
  28  4:38  Zergling x2  
  28  4:39  Zergling x14  
  16  5:37  Zergling x12  
  16  6:03  Queen  
  18  6:05  Queen  
  18  6:09  Zergling x2  
  18  6:10  Zergling x12  
  27  6:30  Drone x3  
  30  6:41  Pneumatized Carapace  
  30  6:54  Drone x5  
  35  7:19  Drone  
  35  7:20  Drone x6  
  42  7:29  Spore Crawler  
  39  8:01  Spore Crawler  
  26  8:26  Drone x6  
  26  8:27  Drone x7  
  39  8:50  Queen  
  41  9:47  Lair  
  41  9:48  Drone x2  
  41  9:49  Drone  
  41  9:52  Extractor, Overlord x2  
  43  9:53  Overlord  
  43  9:55  Zerg Missile Weapons Level 1  
  42  10:46  Extractor, Drone x2  
  42  10:47  Drone  
  42  10:48  Drone x4  
  48  10:53  Roach Warren  
  47  10:57  Drone  
  47  10:58  Drone x2  
  50  11:34  Roach x8  
  66  11:49  Zerg Ground Armor Level 1  
  66  12:02  Evolution Chamber  
  65  12:12  Burrow  
  65  12:16  Glial Reconstitution  
  65  12:17  Overlord  
  65  12:18  Overlord x3  
  65  12:38  Extractor  
  64  13:10  Infestation Pit  
  64  13:11  Zerg Missile Weapons Level 2  
  63  13:24  Roach x6  
  63  13:35  Tunneling Claws  
  63  13:43  Zerg Melee Weapons Level 2  
  53  13:50  Zergling x2  
  53  13:51  Zergling x36  
  56  15:11  Overseer x2  
  56  15:22  Hatchery  
  55  15:39  Zerg Ground Armor Level 2  
  38  16:31  Hive  
  38  16:35  Queen  
  40  16:42  Extractor  
  40  16:44  Extractor  
  38  16:59  Queen  
  40  17:16  Zergling x2  
  40  17:17  Zergling x22  
  52  17:30  Spine Crawler  
  52  17:32  Spore Crawler  
  52  17:36  Spine Crawler  
  49  17:50  Viper x2  
  49  17:51  Viper x4  
  67  18:13  Spore Crawler  
  66  18:40  Adrenal Glands  
  66  19:00  Zergling x24  
  78  19:47  Zergling x6  
  78  19:48  Zergling x8  
Show
View Real Time Build Order
Export as new Build Order

Syri Protoss - Winner!

Build Orders:  

Get SALT Encoding   

  12  0:01  Probe (Chrono Boost)  
  13  0:12  Probe (Chrono Boost)  
  14  0:25  Probe (Chrono Boost), Pylon  
  15  0:43  Probe (Chrono Boost)  
  16  0:55  Probe (Chrono Boost)  
  17  1:07  Nexus  
  17  1:12  Gateway  
  17  1:23  Assimilator, Probe (Chrono Boost)  
  18  1:33  Probe (Chrono Boost)  
  18  1:39  Pylon  
  19  1:44  Probe (Chrono Boost)  
  20  1:54  Probe (Chrono Boost)  
  20  1:56  Assimilator  
  21  2:04  Cybernetics Core  
  21  2:05  Probe (Chrono Boost)  
  22  2:12  Forge  
  22  2:16  Probe (Chrono Boost)  
  23  2:24  Probe (Chrono Boost)  
  23  2:26  Probe (Chrono Boost)  
  25  2:31  Pylon  
  25  2:35  Probe (Chrono Boost)  
  27  2:37  Probe (Chrono Boost)  
  27  2:45  Probe (Chrono Boost)  
  27  2:47  Probe (Chrono Boost)  
  29  2:54  Stargate  
  29  2:56  Probe (Chrono Boost)  
  29  2:58  Probe (Chrono Boost)  
  31  3:03  Assimilator  
  31  3:06  Probe (Chrono Boost)  
  31  3:08  Probe (Chrono Boost)  
  33  3:17  Probe (Chrono Boost)  
  33  3:19  Twilight Council  
  34  3:20  Pylon  
  34  3:23  Probe (Chrono Boost)  
  35  3:27  Probe (Chrono Boost)  
  35  3:30  Protoss Air Weapons Level 1 (Chrono Boost)  
  35  3:34  Probe (Chrono Boost), Protoss Shields Level 1  
  37  3:38  Probe (Chrono Boost)  
  38  3:44  Probe (Chrono Boost)  
  39  3:50  Probe (Chrono Boost)  
  39  3:52  Assimilator  
  40  3:57  Probe (Chrono Boost)  
  40  4:00  Probe (Chrono Boost)  
  42  4:04  Phoenix  
  42  4:08  Probe (Chrono Boost)  
  45  4:11  Probe (Chrono Boost)  
  45  4:16  Photon Cannon  
  46  4:18  Photon Cannon  
  46  4:25  Stargate  
  46  4:27  Pylon  
  46  4:50  Pylon  
  46  4:52  Stargate  
  46  5:09  Phoenix  
  46  5:10  Phoenix  
  50  6:04  Phoenix x3  
  50  6:07  Protoss Shields Level 2  
  56  6:13  Protoss Air Armor Level 1 (Chrono Boost), Robotics Facility, Pylon  
  56  6:16  Fleet Beacon  
  56  6:34  Pylon  
  56  6:35  Pylon  
  56  6:36  Pylon  
  56  6:37  Pylon  
  56  6:38  Pylon  
  56  6:39  Pylon  
  56  6:47  Phoenix  
  56  6:48  Phoenix  
  60  7:00  Anion Pulse-Crystals  
  60  7:05  Observer  
  61  7:23  Robotics Bay  
  61  7:29  Pylon  
  61  7:30  Pylon  
  61  7:38  Pylon  
  61  7:40  Pylon  
  61  7:46  Phoenix x2  
  65  8:15  Observer Gravitic Boosters  
  65  8:21  Phoenix, Protoss Air Weapons Level 2 (Chrono Boost)  
  65  8:24  Phoenix  
  69  8:40  Nexus  
  69  9:26  Phoenix x3, Assimilator  
  75  9:49  Assimilator  
  75  9:50  Probe  
  75  9:51  Phoenix x3  
  82  10:01  Probe  
  83  10:11  Probe  
  83  10:12  Stargate x2  
  84  10:16  Phoenix  
  86  10:35  Phoenix x2  
  90  10:36  Protoss Air Weapons Level 3 (Chrono Boost)  
  90  10:41  Phoenix  
  92  10:56  Phoenix x2  
  96  10:59  Phoenix  
  98  11:33  Phoenix x5  
  108  11:58  Phoenix  
  110  12:47  Phoenix x5  
  120  13:00  Protoss Air Armor Level 2 (Chrono Boost)  
  120  13:04  Pylon  
  120  13:05  Pylon  
  120  13:06  Pylon  
  120  13:07  Pylon  
  120  13:11  Phoenix  
  120  13:12  Phoenix x3  
  128  13:21  Phoenix  
  130  13:36  Phoenix  
  130  13:37  Phoenix x2  
  98  15:09  Pylon  
  98  15:10  Pylon  
  98  15:11  Pylon  
  98  15:12  Pylon  
  98  15:13  Pylon  
  98  15:15  Pylon  
  98  15:21  Pylon x2  
  98  15:22  Pylon  
  98  15:23  Pylon, Observer  
  98  15:44  Protoss Shields Level 3, Observer  
  98  15:48  Phoenix x5  
  109  16:05  Observer  
  110  16:13  Phoenix x5  
  120  16:27  Observer  
  120  16:38  Phoenix x5  
  130  17:03  Phoenix  
  128  17:50  Phoenix x5  
  138  17:59  Pylon  
  138  18:15  Phoenix x3 (Chrono Boost)  
  144  18:32  Phoenix (Chrono Boost)  
  144  18:33  Phoenix (Chrono Boost), Nexus  
  150  18:43  Phoenix (Chrono Boost)  
  150  18:47  Assimilator  
  150  18:52  Assimilator  
  150  19:36  Phoenix x3 (Chrono Boost)  
Tags
 
Add a new tag
Caveats
  • Supply blocks, unpowered buildings, or Contaminate may cause inaccurate times.
  • Supply counts are checked every 10 seconds.